 Dungeon Crawl Stone Soup version 0.31-a0-1227-g0136665373 (webtiles) character file.

Game seed: 15776803740720519174

135 bmb222 the Ruffian (level 5, -7/49 HPs)
             Began as an Octopode Shapeshifter on Dec 14, 2023.
             Killed from afar by Ijyb (14 damage)
             ... with a bolt of light
             ... on level 3 of the Dungeon.
             The game lasted 00:01:36 (2237 turns).

bmb222 the Ruffian (Octopode Shapeshifter)          Turns: 2237, Time: 00:01:36

Health: -7/49      AC: 26    Str: 15    XL:     5   Next: 18%
Magic:  14/14      EV:  2    Int: 12    God:
Gold:   161        SH:  0    Dex: 12    Spells: 4/4 levels left

rFire   . .          .
                       - Unarmed
rCold   . . .        (no shield)
rNeg    . . .        (helmet currently unavailable)
rPois   +            (no amulet)
rElec   .            j - ring of magical power
rCorr   .            l - +4 ring of protection
SInv    .            (no ring)
Will    +....        (no ring)
Stlth   +            (no ring)
HPRegen 0.28/turn    (no ring)
MPRegen 0.14/turn    (no ring)
                     (no ring)

%: no passive effects
@: confused, mighty, tree-form, attractive, enlightened
A: stationary, stasis, torment immunity, boosted hp, almost no armour,
(amphibious), 8 rings, (camouflage 1), (gelatinous body 1), (nimble swimmer 1),
(tentacles)
a: no special abilities


You were on level 3 of the Dungeon.
You were a tree.
You visited 1 branch of the dungeon, and saw 3 of its levels.

You collected 161 gold pieces.

Inventory:

Missiles
 d - 2 throwing nets
Jewellery
 j - a ring of magical power (left branch)
 l - a +4 ring of protection (right branch)
Talismans
 b - a beast talisman
 c - a flux talisman
Scrolls
 e - 2 scrolls of enchant armour {unknown}
 g - a scroll of enchant weapon {unknown}
 h - a scroll of identify {unknown}
 m - a scroll of blinking {unknown}
 n - a scroll of vulnerability {unknown}
Potions
 a - a potion of lignification


   Skills:
 + Level 1.3 Fighting
 + Level 2.5 Dodging
 + Level 1.1 Stealth
 + Level 4.6 Unarmed Combat
 + Level 3.6 Shapeshifting


You had 4 spell levels left.
You didn't know any spells.
Your spell library contained the following spells:

 Spells                   Type           Power      Damage    Failure   Level
 Poisonous Vapours        Pois/Air       0%         N/A       45%         2
 Mephitic Cloud           Conj/Pois/Air  0%         N/A       69%         3
 Freezing Cloud           Conj/Ice/Air   0%         6-21      100%        5


Dungeon Overview and Level Annotations

Branches:
Dungeon (3/15)

Altars:

Annotations:
D:3 Ijyb


Innate Abilities, Weirdness & Mutations

You are a tree.
Your roots penetrate the ground, keeping you stationary.
You cannot be teleported.
You are immune to unholy pain and torment.
Your maximum health is greatly increased.
You cannot wear most types of armour.
((You are amphibious.))
You can wear up to eight rings at the same time.
((Your skin changes colour to match your surroundings (Stealth+).))
((Your rubbery body absorbs attacks. (AC +1, EV +1)))
((You are camouflaged when in or above water. (Stealth+)))
((You have tentacles for arms and can constrict up to eight enemies at once.))


Message History

Done waiting.
You see here a +0 dagger.
You open the door.
There is an open door here.
n - a scroll labelled OBIGGOMATE
Found 3 stones.
You open the door.
There is an open door here.
Ijyb the Twisted Goblin comes into view.
She is wielding a +0 club and carrying a wand of light.
Ijyb is nearby!
Ijyb is nearby!
Ijyb is nearby!
Ijyb is nearby!
Ijyb shouts!
Ijyb zaps a wand.
The bolt of light hits you!
You are confused.
You are too confused!
You are too confused!
You are too confused!
It was a potion of enlightenment.
You feel very buoyant.
You fly up into the air.
Ijyb grins evilly.
It was a potion of might.
You feel very mighty all of a sudden. Ijyb hits you but does no damage.
It was a potion of attraction.
You feel attractive to monsters.
You feel less confused.
Ijyb zaps a wand.
The bolt of light misses you.
Okay, then.
You closely miss Ijyb. Your grab misses Ijyb.
Ijyb zaps a wand.
The bolt of light hits you!
You are confused.
* * * LOW HITPOINT WARNING * * *
Your transformation has ended.
You turn into a tree.
Your roots penetrate the ground.
You feel less confused.
Ijyb zaps a wand.
The bolt of light hits you!
You are confused.
You die...

#.# #.. #.# #.# #.# #.#
#.# #.# #.# #####'# #.#
#...... #.# #......
#######g## #......
#......♣.###########...#
.........'.......(##.###
....?....########.##.# #
.####...#.........##.###
+...+...............
#...#.........##.###
#..............##....
#......#######.######
#.... .# #.# #..


You could see Ijyb.

Vanquished Creatures
  An orc priest (D:3)
  Jessica (D:2)
  An adder (D:2)
  2 worms (D:2)
  A dart slug (D:2)
  2 orcs (D:2)
  6 ball pythons
  An endoplasm (D:1)
  4 giant cockroaches
  6 goblins
  10 hobgoblins
  3 jackals
  6 kobolds
  2 quokkas (D:1)
  4 bats
  4 frilled lizards
  A rat (D:1)
55 creatures vanquished.

Notes
Turn   | Place    | Note
-------+----------+-------------------------------------------
     0 | D:1      | bmb222 the Octopode Shapeshifter began the quest for the
                  | Orb.
     0 | D:1      | Reached XP level 1. HP: 13/13 MP: 1/1
    55 | D:1      | Reached XP level 2. HP: 9/18 MP: 2/2
   524 | D:1      | Reached XP level 3. HP: 21/23 MP: 3/3
  1125 | D:2      | Identified the +3 spear of Karma {flame, Str+2 Dex+5}
  1169 | D:2      | Reached skill level 4 in Unarmed Combat
  1216 | D:2      | Reached XP level 4. HP: 28/28 MP: 4/4
  1553 | D:2      | Noticed Jessica
  1561 | D:2      | Killed Jessica
  1919 | D:3      | Reached skill level 1 in Stealth
  1919 | D:3      | Reached XP level 5. HP: 3/33 MP: 5/5
  2229 | D:3      | Noticed Ijyb
  2237 | D:3      | Killed from afar by Ijyb

Illustrated notes

Levels and vault maps discovered:
D:1:      eino_arrival_tree_alley, layout_basic, minmay_tiny_reverse_x
D:2:      kb_forest_paths, layout_loops_ring, hangedman_feature_mirror,
          glass_columns_a, uniq_jessica
D:3:      minmay_angry_zag, layout_basic, uniq_ijyb

Skill      XL: |  1  2  3  4 |
---------------+-------------+-----
Unarmed Combat | 4 |  4.6
Stealth        | 1 |  1.1
Fighting       | |  1.3
Dodging        | |  2.5
Shapeshifting  | |  3.6

Action                     |  1- 3 |  4- 6 || total
---------------------------+-------+-------++-------
  Melee: Unarmed           |    78 |    29 ||   107
         Constrict         |    19 |     9 ||    28
         Tentacles         |    11 |     4 ||    15
         Punch             |     1 |       ||     1
    Use: Potion            |       |     4 ||     4
   Stab: Sleeping          |     2 |       ||     2
 Armour: Skin              |    26 |    11 ||    37
  Dodge: Dodged            |    46 |    15 ||    61

Table legend: (Time is in decaauts)
 A = Elapsed time spent in this place.
 B = Non-inter-level travel time spent in this place.
 C = Inter-level travel time spent in this place.
 D = Time resting spent in this place.
 E = Time spent auto-exploring this place.
 F = Levels seen in this place.
 G = Mean time per level.
                   A        B        C        D        E       F      G
               +--------+--------+--------+--------+--------+-----+--------+
         Total |   2229 |   2167 |     62 |    283 |   1596 |   3 |  743.0 |
       Dungeon |   2229 |   2167 |     62 |    283 |   1596 |   3 |  743.0 |
               +--------+--------+--------+--------+--------+-----+--------+

Top non-repeatable levels by time:
     D:2: 928 daAuts
     D:1: 814 daAuts
     D:3: 486 daAuts
